 Dungeon Crawl Stone Soup version 0.25-a0-857-g60a0bcd8b5 (webtiles) character file.

Game seed: 14851961002345574573, levelgen mode: deterministic

51 Esekla the Ducker (level 3, -12/25 HPs)
             Began as an Octopode Warper on Apr 26, 2020.
             Killed from afar by an orc wizard (13 damage)
             ... with a puff of flame
             ... on level 4 of the Dungeon.
             The game lasted 00:05:29 (559 turns).

Esekla the Ducker (Octopode Warper)                  Turns: 559, Time: 00:05:30

Health: -12/25     AC:  1    Str: 10    XL:     3   Next: 83%
Magic:  2/6        EV: 14    Int: 16    God:
Gold:   30         SH:  0    Dex: 11    Spells: 2/6 levels left

rFire    . . .     SeeInvis .   a - +0 falchion
rCold    . . .     Gourm    .   (no shield)
rNeg     . . .     Faith    .   (helmet restricted)
rPois    .         Spirit   .   (no amulet)
rElec    .         Reflect  .   (no ring)
rCorr    .         Harm     .   (no ring)
MR       .....                  (no ring)
Stlth    ++........             (no ring)
HPRegen  0.08/turn              (no ring)
MPRegen  0.10/turn              (no ring)
                                (no ring)
                                (no ring)

@: shrouded (expiring), very slightly contaminated
A: almost no armour, stealthy swim, amphibious, 8 rings, constrict 8, camouflage
1, gelatinous body 1
a: no special abilities


You were on level 4 of the Dungeon.
You were not hungry.

You visited 1 branch of the dungeon, and saw 4 of its levels.

You collected 30 gold pieces.

Inventory:

Hand Weapons
 a - a +0 falchion (weapon)
Missiles
 d - 5 boomerangs of dispersal (quivered)
Scrolls
 b - a scroll of enchant armour {unknown}
 c - 3 scrolls of blinking
 e - a scroll of fear {unknown}
 g - 2 scrolls of identify {unknown}
 h - a scroll of remove curse {unknown}
Comestibles
 f - 3 rations


   Skills:
 * Level 2.5 Fighting
 * Level 2.5 Long Blades
 - Level 1.0 Throwing
 * Level 3.1 Dodging
 + Level 2.2 Spellcasting
 * Level 0.7 Charms
 - Level 3.0 Translocations


You had 2 spell levels left.
You knew the following spells:

 Your Spells              Type           Power        Failure   Level  Hunger
a - Shroud of Golubria    Chrm/Tloc      #.....       14%         2    ###....
b - Blink                 Tloc           N/A          9%          2    ###....

Your spell library contained the following spells:

 Spells                   Type           Power        Failure   Level  Hunger
 Gell's Gravitas          Tloc           ##........   19%         3    ###....
 Lesser Beckoning         Tloc           ##........   19%         3    ###....
 Teleport Other           Tloc           ##......     19%         3    ###....
 Passage of Golubria      Tloc           N/A          52%         4    #####..


Dungeon Overview and Level Annotations

Branches:
Dungeon (4/15)
 Temple: D:4-7

Altars:


Innate Abilities, Weirdness & Mutations

You cannot wear most types of armour.
You are very stealthy in the water. (Stealth+)
You are amphibious.
You can wear up to eight rings at the same time.
You can use your tentacles to constrict eight enemies at once.
Your skin changes colour to match your surroundings (Stealth+).
Your rubbery body absorbs attacks. (AC +1, EV +1)


Message History

The orc hits you with a +0 dagger.
The orc wizard gestures wildly while chanting.
The orc wizard seems to speed up.
You hit the orc. Your grab misses the orc. Your squeeze misses the orc.
The orc is heavily wounded.
The orc hits you but does no damage.
The orc wizard points at you and mumbles some strange words.
The magic dart hits you!
You hit the orc. Your grab misses the orc.
The orc is almost dead.
The orc wizard gestures at you while chanting.
The puff of frost hits you!
* * * LOW HITPOINT WARNING * * *
You aren't carrying any potions.
You barely miss the orc wizard. Your grab misses the orc wizard.
Your shroud begins to fray at the edges.
The orc wizard points at you and mumbles some strange words.
The puff of flame hits you!
Ouch! That really hurt!
You die...

#### #####
.....#o@.## #
....ao###o##.##..
oo../. ......
#.oo..)o. .....
......###..#.##.o
..?. ...
#$....#.##.# #...
.. ##.#....##.#
#..) .#.
#.#..####.# #...
.a.. #.#..####.#
#...
#.#.##.#.......##
##...


You could see a worker ant, 3 orc wizards and 2 orcs.

Vanquished Creatures
  An orc wizard (D:4)
  A worm (D:3)
  5 orcs (D:4)
  2 bats
  A giant cockroach (D:3)
  2 goblins (D:1)
  A frilled lizard (D:1)
  A kobold (D:1)
  2 rats
16 creatures vanquished.

Notes
Turn   | Place    | Note
-------+----------+-------------------------------------------
     0 | D:1      | Esekla the Octopode Warper began the quest for the Orb.
     0 | D:1      | Reached XP level 1. HP: 14/14 MP: 3/3
   278 | D:3      | Reached XP level 2. HP: 19/19 MP: 5/5
   282 | D:3      | Learned a level 2 spell: Shroud of Golubria
   285 | D:3      | Learned a level 2 spell: Blink
   402 | D:4      | Reached XP level 3. HP: 25/25 MP: 6/6
   558 | D:4      | HP: 1/25 [orc wizard/puff of frost (9)]
   559 | D:4      | Killed from afar by an orc wizard

Levels and vault maps discovered:
D:1:      saegor_arrival_simple_e, layout_rooms, st_stairs_9
D:2:      layout_loops_ring, nicolae_overflow_crystal_walls,
          kennysheep_jessica_study
D:3:      layout_basic, lemuel_round_altar, first_ration
D:4:      layout_loops_cross, kennysheep_little_box,
          lemuel_coloured_pillars_altar, minmay_temple_entry_nine_rooms,
          st_stairs_10

Skill      XL: |  1  2 |
---------------+-------+-----
Dodging        | 3 |  3.1
Fighting       | |  2.5
Long Blades    | |  2.5
Throwing       | |  1.0
Spellcasting   | |  2.2
Charms         | |  0.7
Translocations | |  3.0

Action                   || total
-------------------------++-------
Melee: Falchion          ||    41
       Constrict         ||     9
       Tentacles         ||     5
 Cast: Shroud of Golubri ||     2
 Stab: Sleeping          ||     1
Armor: Skin              ||     2
Dodge: Dodged            ||    19
       Rpst.: Falchion   ||     8

Table legend:
 A = Non-vault XP
 B = Vault XP
 C = Vault XP percentage of total XP
 D = Non-vault monster count
 E = Vault monster count
 F = Vault count percentage of total count
                 A         B        C        D         E       F
            +---------+---------+-------+---------+---------+-------
      Total |      74 |       0 |   0.0 |      16 |       0 |   0.0
            +---------+---------+-------+---------+---------+-------
        D:1 |       9 |       0 |   0.0 |       6 |       0 |   0.0
        D:3 |      10 |       0 |   0.0 |       4 |       0 |   0.0
        D:4 |      55 |       0 |   0.0 |       6 |       0 |   0.0
            +---------+---------+-------+---------+---------+-------
